 Dungeon Crawl Stone Soup version 0.16-a0-66-gff12a3a (webtiles) character file.

288852 MRaven the Warrior (level 20, -16/139 HPs)
             Began as a Gargoyle Gladiator on Aug 6, 2014.
             Was a High Priest of Trog.
             Killed from afar by a deep elf sorcerer (37 damage)
             ... with a blast of hellfire
             ... led by an ironheart preserver
             ... on Level 1 of the Vaults on Aug 7, 2014.
             The game lasted 04:35:41 (54579 turns).

MRaven the Warrior (Gargoyle Gladiator)            Turns: 54579, Time: 04:35:41

HP -16/139       AC 66     Str 29      XL: 20   Next: 70%
MP  28/28        EV 11     Int 12      God: Trog [*****.]
Gold 3844        SH  2     Dex  9      Spells:  0 memorised, 19 levels left

rFire  . . .     SeeInvis +     V - +4 quarterstaff (protect)
rCold  . . .     Clarity  +     u - +9 chain mail "Hoggul" {MR+}
rNeg   + + .     rCorr    .     (no shield)
rPois  +         rRot     +     (helmet restricted)
rElec  +         Spirit   .     M - +5 cloak of the Iron Devil {+Inv rN+ SInv}
SustAb .         Warding  .     g - +2 pair of gloves
rMut   .         Stasis   .     D - +0 pair of boots
Gourm  .                        l - amulet of clarity
MR     ++++.                    q - +6 ring of slaying
                                I - +4 ring of protection

@: flying, very slightly contaminated, regenerating, incredibly resistant to
hostile enchantments, extremely unstealthy
A: able to fly continuously, big wings, horns 1, large bone plates 1, rough
black scales 1, clever 1, negative energy resistance 1, electricity resistance,
strong 1, unbreathing, petrification resistance, rot immunity, AC +15
a: Stop Flying, Burn Spellbooks, Berserk, Trog's Hand, Brothers in Arms,
Renounce Religion, Evoke Invisibility
}: 2/15 runes: decaying, gossamer


You were on level 1 of the Vaults.
You worshipped Trog.
Trog was extremely pleased with you.
You were not hungry.

You visited 8 branches of the dungeon, and saw 42 of its levels.
You also visited: Labyrinth and Ice Cave.

You collected 4937 gold pieces.
You spent 1093 gold pieces at shops.

Inventory:

Hand weapons
 t - a +5 quarterstaff of crushing
 V - a +4 quarterstaff of protection (weapon)
Missiles
 y - 10 javelins of returning (quivered)
 Q - 16 silver javelins
 Z - 3 tomahawks of returning
Armour
 c - the -5 cloak of Conscience {rC++ Stlth+}
   (You acquired it on level 13 of the Dungeon)

   It greatly protects you from cold.
   It makes you more stealthy.
 g - a +2 pair of gloves (worn)
 u - the +9 chain mail "Hoggul" (worn) {MR+}
   (You took it off a deep elf blademaster on level 3 of the Elven Halls)

   It affects your resistance to hostile enchantments.
 D - a +0 pair of boots (worn)
 M - the +5 cloak of the Iron Devil (worn) {+Inv rN+ SInv}
   (You found it on level 4 of the Lair of Beasts)

   It protects you from negative energy.
   It enhances your eyesight.
   It lets you turn invisible.
Magical devices
 a - a wand of teleportation (7)
 J - a wand of lightning (3)
 O - a wand of draining (6)
 T - a wand of cold (7)
 X - a wand of fireball (1)
Comestibles
 f - 18 bread rations
 r - 18 meat rations
Scrolls
 b - 3 scrolls of recharging
 d - 7 scrolls of magic mapping
 e - 6 scrolls of enchant armour
 h - 16 scrolls of remove curse
 j - 6 scrolls of fog
 k - 7 scrolls of enchant weapon
 n - 4 scrolls of teleportation
 w - 12 scrolls of identify
 z - a scroll of holy word
 C - 8 scrolls of fear
Jewellery
 l - an amulet of clarity (around neck)
 q - a +6 ring of slaying (right hand)
 s - an uncursed ring of invisibility
 v - an uncursed ring of protection from cold
 I - a +4 ring of protection (left hand)
 P - an uncursed ring of sustain abilities
 W - an uncursed amulet of warding
Potions
 i - 17 potions of curing
 o - 4 potions of might
 p - 3 potions of restore abilities
 A - 3 potions of haste
 F - a potion of agility
 G - 3 potions of brilliance
 H - 2 potions of cure mutation
 K - 2 potions of magic
 N - 2 potions of resistance
 R - a potion of cancellation
 U - 5 potions of invisibility
Miscellaneous
 E - a fan of gales
 S - a box of beasts


   Skills:
 + Level 19.2 Fighting
 * Level 16.6 Staves
 - Level 10.3 Throwing
 + Level 19.1 Armour
 + Level 14.0 Dodging
 - Level 6.0 Evocations


You had 19 spell levels left.
You didn't know any spells.

Dungeon Overview and Level Annotations

Branches:
Dungeon (15/15)            Temple (1/1) D:5             Orc (4/4) D:9
    Elf (3/3) Orc:3          Lair (8/8) D:10          Swamp (5/5) Lair:6
 Spider (5/5) Lair:5        Slime (0/6) Lair:7       Vaults (1/5) D:14
 Depths (0/5) D:15

Altars:
Ashenzari
Dithmenos
Elyvilon
Fedhas
Gozag
Kikubaaqudgha
Makhleb
Okawaru
Sif Muna
Trog
Vehumet
Xom
Yredelemnul
The Shining One
Beogh
Jiyva

Shops:
D:5 ?   D:14 (*   D:15 !   Orc:1 [   Orc:3 [   Orc:4 *%(!

Portals:
Trove: D:10 (give +5 demon trident)


Innate Abilities, Weirdness & Mutations

You are resistant to torment.
You are immune to poison.
You can fly continuously.
Your stone body is very resilient (AC +15).
Your wings are large and strong.
You resist negative energy.
You are resistant to electric shocks.
You can survive without breathing.
You are immune to petrification.
You are immune to rotting.
You have a pair of small horns on your head.
You are partially covered in large bone plates (AC +2, SH +2).
You are partially covered in rough black scales (AC +4, Dex -1).
Your mind is acute. (Int +2)
Your muscles are strong. (Str +2)


Message History

You feel much better.
The ironheart preserver mumbles some strange words.
The ironheart preserver begins to accept its allies' injuries.
The deep elf sorcerer howls an incantation.
The deep elf sorcerer shimmers violently.
The deep elf sorcerer casts a spell at you.
The bolt of acid hits you!
The acid burns!
You reach down and open the door.
There is an open door here.
Read which item? (? for menu, Esc to quit)
Blink to where?
Press: ? - help, Dir - move target cursor
As you read the scroll of blinking, it crumbles to dust.
You are very lightly contaminated with residual magic.
The deep elf sorcerer points at you and mumbles some strange words.
The hellfire explodes!
The blast of hellfire engulfs you!
* * * LOW HITPOINT WARNING * * *
The deep elf sorcerer points at you and mumbles some strange words.
The hellfire explodes!
The blast of hellfire engulfs you!
You die...

... ....... ... .... ...
###### ..# ##....# ..###
#####....##
..#.#####.##....## ###
..e...'...#......###.#
..#p..'..e'.......#..########
.(#...'...#..#..@))..+......#
..#.#####.'.###...)..+......#
.)### ##### ##....##).....#
..######### #....###...>..#
..........# #....##
#y.....#...# .........##
#++### #.yD...e...#
.........# ... ###'####....
.........# .. ... .........#
.....


You could see a deep elf sorcerer.

Vanquished Creatures
  Norris (Spider:2)
  Nikola (Elf:3)
  Arachne (Spider:3)
  A tentacled monstrosity (Swamp:5)
  Asterion (Elf:2)
  2 deep elf blademasters (Elf:3)
  2 deep elf master archers (Elf:3)
  Kirke (Swamp:4)
  3 thorn hunters
  Roxanne (D:15)
  The ghost of Protee the Destroyer, a mighty DsWz of Vehumet (Swamp:3)
  2 ghost moths
  Donald (Orc:3)
  Wiglaf (Spider:2)
  Aizul (Swamp:4)
  7 emperor scorpions
  7 deep elf sorcerers (Elf:3)
  2 vault wardens (Vaults:1)
  5 deep elf demonologists
  A stone giant (Orc:4)
  8 deep elf annihilators
  Azrael (Spider:4)
  A pale draconian (Lair:2)
  2 blizzard demons (IceCv)
  2 deep elf death magi (Elf:3)
  A fire dragon (Vaults:1)
  A minotaur (Lab)
  Josephine (Orc:3)
  2 yaktaur captains (Vaults:1)
  A deep elf high priest (Elf:3)
  Harold (D:11)
  27 hydras
  Erica (Orc:3)
  4 shambling mangroves
  7 alligators
  2 tengu warriors
  2 ogre magi (D:15)
  4 centaur warriors
  5 death yaks
  6 orc high priests
  A soul eater (D:15)
  14 deep elf knights
  A catoblepas (Lair:7)
  A fire crab (Lair:8)
  5 ice devils (IceCv)
  4 skeletal warriors (D:14)
  A fire crab (shapeshifter) (D:13)
  6 spriggan druids
  A wizard (D:15)
  3 unseen horrors
  14 orb spiders
  A sun demon (D:11)
  An ice statue (IceCv)
  7 deep elf summoners
  An ironbrand convoker (Vaults:1)
  17 swamp dragons
  2 necromancers
  5 hill giants
  2 manticores
  A phantasmal warrior (D:14)
  4 orc knights (Orc:4)
  8 ugly things
  A hellion (Elf:3)
  4 cyclopes
  2 harpies (Swamp:4)
  5 orc sorcerers
  3 griffons
  6 deep elf conjurers
  3 moths of wrath
  33 wolf spiders
  A sixfirhy (D:15)
  3 red wasps
  4 black mambas
  3 elephants (Lair:5)
  19 spiny frogs
  A tormentor (Elf:3)
  2 gargoyles
  A small abomination (Elf:1)
  An orange crystal statue (D:9)
  2 torpor snails
  An item mimic (Orc:3)
  A fire drake (shapeshifter) (Vaults:1)
  A feature mimic (Lair:6)
  A vault sentinel (Vaults:1)
  5 komodo dragons
  A hellwing (Elf:2)
  2 anaconda simulacra (IceCv)
  9 kobold demonologists
  3 blue devils (IceCv)
  2 tengu conjurers
  5 golden dragon simulacra (IceCv)
  A freezing wraith (IceCv)
  8 yaktaurs
  6 polar bears
  12 fire drakes
  8 deep elf priests
  35 jumping spiders
  A hydra zombie (D:15)
  12 demonic crawlers
  A wandering mushroom (Lair:7)
  6 baby alligators
  5 giant leeches
  13 slime creatures
  13 trolls
  9 two-headed ogres (D:15)
  5 boulder beetles
  26 blink frogs
  13 ravens
  15 basilisks
  15 bog bodies
  2 wraiths
  29 trapdoor spiders
  18 wyverns
  63 redbacks
  30 tarantellas
  A vampire (D:13)
  A ynoxinul (Elf:3)
  9 spriggans
  16 deep elf fighters
  26 deep elf magi
  3 dire elephant simulacra (IceCv)
  2 neqoxecs (Orc:4)
  2 shadows
  A hill giant zombie (D:13)
  2 fire elementals
  A water elemental (D:14)
  16 vampire mosquitoes
  19 hippogriffs
  3 hungry ghosts
  5 harpy simulacra (IceCv)
  3 hydra simulacra (IceCv)
  23 swamp worms
  11 wargs
  4 mottled dragons
  66 yaks
  An iron troll simulacrum (IceCv)
  21 wolves
  12 hogs
  16 water moccasins
  7 hell hounds
  27 orc warriors
  9 porcupines
  8 yellow wasps
  26 spiders
  15 swamp drakes
  13 ice beasts
  2 necrophages
  A phantom (D:13)
  9 sky beasts
  2 boring beetles
  10 black bears
  5 centaurs
  21 crocodiles
  Sigmund (D:3)
  10 ogres
  A komodo dragon zombie (D:11)
  5 brain worms
  3 big kobolds
  A cyclops zombie (D:15)
  19 giant frogs
  A warg zombie (Orc:3)
  8 scorpions
  A wyvern zombie (D:15)
  A cyclops skeleton (D:15)
  23 insubstantial wisps
  2 tengu zombies
  A yak zombie (D:10)
  An elephant simulacrum (IceCv)
  2 quasits
  A troll skeleton (D:8)
  A yak skeleton (Orc:4)
  6 crimson imps
  4 goliath beetles
  3 vampire bats (D:5)
  4 draconian simulacra (IceCv)
  6 electric eels
  A giant frog skeleton (D:12)
  A giant frog zombie (D:12)
  3 jellies
  18 orc priests
  2 gnoll shamans
  30 hounds
  9 iguanas
  11 worker ants
  An iron imp (D:14)
  A troll simulacrum (IceCv)
  39 orc wizards
  8 orange rats
  30 sheep
  A spriggan simulacrum (IceCv)
  2 mottled dragon zombies
  An ogre skeleton (Orc:3)
  A centaur simulacrum (IceCv)
  2 wolf simulacra (IceCv)
  A hound zombie (D:5)
  A worker ant zombie (D:6)
  11 gnolls
  22 adders
  52 green rats
  2 shadow imps
  3 giant mites
  4 orc skeletons
  2 naga simulacra (IceCv)
  8 white imps (IceCv)
  A worm (D:2)
  11 ufetubi
  An iguana zombie (D:5)
  An adder skeleton (D:8)
  10 giant geckos
  211 orcs
  3 ball pythons
  2 bat skeletons
  5 bat zombies (D:5)
  7 giant cockroaches
  31 goblins
  21 hobgoblins
  18 jackals
  10 bats
  4 giant newts
  A giant spore (D:13)
  A goblin skeleton (D:5)
  A hobgoblin skeleton (Orc:3)
  24 kobolds
  A kobold skeleton (D:7)
  A kobold zombie (D:8)
  6 orc zombies
  12 quokkas
  A quokka skeleton (D:4)
  12 rats
  6 rat skeletons (Orc:4)
  5 briar patches
  3 plants (Lair:8)
1893 creatures vanquished.

Vanquished Creatures (collateral kills)
  Frances (D:14)
  A blue devil (Orc:4)
  An orc warrior (Orc:4)
  A water moccasin (Lair:3)
  A yak skeleton (Orc:4)
  2 orc priests (Orc:4)
  2 orc wizards (Orc:4)
  6 orcs (Orc:4)
  2 rat skeletons (Orc:4)
17 creatures vanquished.

Vanquished Creatures (others)
  A deep elf high priest (Elf:3)
  An orb spider (Spider:3)
  A bog body (Swamp:5)
  A deep elf mage (Elf:3)
  A deep elf fighter (Elf:3)
  A chaos spawn (Elf:3)
  A porcupine (Lair:7)
  2 vampire mosquitoes (Vaults:1)
  3 ogres
  2 giant frogs
  An orc wizard (Orc:2)
  2 orcs (Orc:2)
  A giant spore (D:14)
  3 rat skeletons (Orc:4)
  2 ballistomycetes (D:14)
  9 bushes (Lair:8)
  12 fungi
  10 plants
54 creatures vanquished.

Grand Total: 1964 creatures vanquished

Notes
Turn   | Place    | Note
--------------------------------------------------------------
     0 | D:1      | MRaven, the Gargoyle Gladiator, began the quest for the Orb.
     0 | D:1      | Reached XP level 1. HP: 12/12 MP: 1/1
   348 | D:1      | Reached XP level 2. HP: 14/17 MP: 2/2
   953 | D:1      | Reached XP level 3. HP: 22/22 MP: 3/3
  1554 | D:2      | Reached skill level 4 in Staves
  1626 | D:2      | Reached XP level 4. HP: 27/27 MP: 4/4
  2004 | D:2      | Found a deep blue altar of Sif Muna.
  2171 | D:3      | Found a blossoming altar of Fedhas.
  2516 | D:3      | Reached XP level 5. HP: 29/31 MP: 5/5
  2618 | D:3      | Noticed Sigmund
  2635 | D:3      | Killed Sigmund
  3087 | D:4      | Reached skill level 5 in Staves
  3087 | D:4      | Reached XP level 6. HP: 32/37 MP: 6/6
  3478 | D:4      | Found a radiant altar of Vehumet.
  4302 | D:4      | HP: 1/38 [iguana (9)]
  4692 | D:5      | Entered Level 5 of the Dungeon
  4717 | D:5      | Reached XP level 7. HP: 42/42 MP: 7/7
  4888 | D:5      | Found an ancient bone altar of Kikubaaqudgha.
  4973 | D:5      | Found a staircase to the Ecumenical Temple.
  5007 | D:5      | Reached skill level 6 in Staves
  5157 | D:5      | Reached skill level 5 in Fighting
  5181 | Temple   | Entered the Ecumenical Temple
  5209 | Temple   | Became a worshipper of Trog the Wrathful
  5291 | D:5      | Reached XP level 8. HP: 42/49 MP: 8/8
  5335 | D:5      | Found Aremp's Magic Scroll Shop.
  5384 | D:5      | Bought a scroll of blinking for 82 gold pieces
  5384 | D:5      | Bought a scroll of identify for 22 gold pieces
  5384 | D:5      | Bought 2 scrolls of fear for 77 gold pieces
  5633 | D:5      | Found a shadowy altar of Dithmenos.
  5633 | D:5      | Found a blossoming altar of Fedhas.
  6739 | D:6      | Acquired Trog's first power
  7233 | D:6      | Reached skill level 7 in Staves
  7574 | D:6      | Reached XP level 9. HP: 38/57 MP: 9/9
  7995 | D:7      | Reached skill level 5 in Throwing
  8850 | D:8      | Acquired Trog's second power
  8869 | D:8      | Found a bloodstained altar of Trog.
  8878 | D:8      | Reached skill level 8 in Fighting
  9019 | D:8      | Reached skill level 5 in Dodging
  9862 | D:9      | Reached skill level 9 in Fighting
 10119 | D:9      | Found a staircase to the Orcish Mines.
 10146 | D:9      | Reached skill level 1 in Armour
 10146 | D:9      | Reached XP level 10. HP: 29/66 MP: 10/10
 10671 | D:9      | Noticed an orange crystal statue
 10706 | D:9      | Killed an orange crystal statue
 10859 | D:9      | Found an iron altar of Okawaru.
 11004 | D:10     | Entered Level 10 of the Dungeon
 11141 | D:10     | Found a staircase to the Lair.
 11286 | D:10     | Received a gift from Trog
 11453 | D:10     | Reached skill level 10 in Fighting
 11725 | D:10     | Acquired Trog's third power
 11771 | D:10     | Found a roughly hewn altar of Beogh.
 12018 | D:10     | Found a portal to a secret trove of treasure.
 12087 | Lair:1   | Entered Level 1 of the Lair of Beasts
 12329 | Lair:1   | Noticed a black mamba
 12350 | Lair:1   | Killed a black mamba
 12350 | Lair:1   | Reached XP level 11. HP: 64/72 MP: 11/11
 12765 | Lair:1   | Reached skill level 10 in Staves
 13583 | Lair:2   | Reached skill level 5 in Armour
 13848 | Lair:2   | Noticed a five-headed hydra
 13851 | Lair:2   | Noticed a pale draconian
 13851 | Lair:2   | a five-headed hydra changed into a pale draconian
 13853 | Lair:2   | Received a gift from Trog
 13873 | Lair:2   | Killed a pale draconian
 14933 | Lair:2   | Gained mutation: You have a pair of small horns on your head. [potion of beneficial mutation]
 15138 | Lair:3   | Reached skill level 11 in Staves
 15266 | Lair:3   | Got a blackened scale mail
 15278 | Lair:3   | Identified the cursed -4 scale mail of the Bagpipe {Str-3 Dex-1} (You found it on level 3 of the Lair of Beasts)
 15336 | Lair:3   | Found a shattered altar of Ashenzari.
 16517 | Lair:4   | Reached XP level 12. HP: 78/80 MP: 12/12
 16594 | Lair:4   | Received a gift from Trog
 16911 | Lair:4   | Reached skill level 12 in Staves
 17009 | Lair:4   | Got a transparent cloak
 17021 | Lair:4   | Identified the +5 cloak of the Iron Devil {+Inv rN+ SInv} (You found it on level 4 of the Lair of Beasts)
 17943 | Lair:4   | Reached XP level 13. HP: 67/86 MP: 13/13
 18178 | Lair:5   | Received a gift from Trog
 18246 | Lair:5   | Found a hole to the Spider Nest.
 18270 | Lair:5   | Reached skill level 13 in Staves
 18580 | Lair:5   | Gained mutation: Your mind is acute. (Int +2) [potion of beneficial mutation]
 19407 | Lair:5   | Received a gift from Trog
 19801 | Lair:6   | Found a staircase to the Swamp.
 19834 | Lair:6   | Found a hole to the Spider Nest.
 19893 | Lair:6   | the hole to the Spider Nest was a mimic.
 20523 | Lair:7   | Received a gift from Trog
 20561 | Lair:7   | Reached skill level 14 in Staves
 21001 | Lair:7   | Found a staircase to the Slime Pits.
 21002 | Lair:7   | Found a viscous altar of Jiyva.
 21021 | Lair:7   | Reached skill level 1 in Evocations
 21072 | Lair:7   | Gained mutation: Your wings are large and strong. [gargoyle growth]
 21072 | Lair:7   | Reached XP level 14. HP: 94/94 MP: 16/16
 21211 | Lair:7   | Reached skill level 10 in Armour
 21425 | Lair:7   | Received a gift from Trog
 21547 | Lair:8   | Entered Level 8 of the Lair of Beasts
 21825 | Lair:8   | Received a gift from Trog
 22017 | Lair:8   | Received a gift from Trog
 22270 | Lair:8   | Received a gift from Trog
 22691 | Lair:8   | Gained mutation: Your muscles are strong. (Str +2) [potion of beneficial mutation]
 23013 | Lair:8   | Received a gift from Trog
 23021 | Lair:8   | Reached skill level 10 in Dodging
 23979 | D:11     | Noticed Harold
 23991 | D:11     | Killed Harold
 24345 | D:11     | Received a gift from Trog
 24676 | D:12     | Found a deep blue altar of Sif Muna.
 24711 | D:12     | Reached XP level 15. HP: 100/100 MP: 7/23
 24837 | D:12     | Reached skill level 5 in Evocations
 25222 | D:12     | Gained mutation: You are partially covered in rough black scales (AC +4, Dex -1). [potion of beneficial mutation]
 25364 | D:12     | Identified a scroll of acquirement
 25367 | D:12     | Got an ichor-stained buckler
 25881 | D:13     | Found a labyrinth entrance.
 25890 | Lab      | Entered a labyrinth
 25891 | Lab      | Upgraded the game from 0.16-a0-51-g3cd7026 to 0.16-a0-66-gff12a3a
 26370 | Lab      | Got a vibrating platinum ring
 26382 | D:13     | Identified the ring of Salvation {Str+2 Dex+2} (You found it in a labyrinth)
 26651 | D:13     | Received a gift from Trog
 26755 | D:13     | Got a steaming cloak
 26767 | D:13     | Identified the -5 cloak of Conscience {rC++ Stlth+} (You acquired it on level 13 of the Dungeon)
 27771 | D:14     | Found Schaivez's Antique Weapon Boutique.
 28094 | D:14     | Found a gate to the Vaults.
 28101 | D:14     | Got a jewelled chain mail
 28113 | D:14     | Identified the +5 chain mail of Shielding {Slay+2} (You found it on level 14 of the Dungeon)
 28114 | D:14     | Identified the -1 buckler of Afauceto {rC+ MR++} (You acquired it on level 12 of the Dungeon)
 28180 | D:14     | Received a gift from Trog
 28466 | D:14     | Found Qastacs' Pet Rocks.
 28991 | D:14     | Noticed Frances
 28996 | D:14     | Killed Frances
 29155 | D:15     | Entered Level 15 of the Dungeon
 29278 | D:15     | Found Gaemarix's Distillery.
 29371 | D:15     | Noticed Roxanne
 29399 | D:15     | HP: 3/101 [Roxanne/crystal spear (64)]
 29402 | D:15     | Killed Roxanne
 29624 | D:15     | Found a shadowy altar of Dithmenos.
 29929 | D:15     | Reached XP level 16. HP: 97/107 MP: 25/25
 30061 | D:15     | Found a staircase to the Depths.
 30097 | D:15     | Received a gift from Trog
 30728 | Orc:1    | Entered Level 1 of the Orcish Mines
 30729 | Orc:1    | Found Ufialal's Antique Armour Shoppe.
 30788 | Orc:1    | Received a gift from Trog
 30838 | Orc:1    | Reached skill level 15 in Fighting
 30885 | Orc:1    | Bought a dazzling scale mail for 279 gold pieces
 30893 | Orc:1    | Identified the +2 scale mail "Jixum" {+Blink} (You bought it in a shop on level 1 of the Orcish Mines)
 31342 | Orc:2    | Received a gift from Trog
 32009 | Orc:3    | Noticed Donald
 32041 | Orc:3    | Killed Donald
 32057 | Orc:3    | Found a staircase to the Elven Halls.
 32188 | Orc:3    | Noticed Erica
 32194 | Orc:3    | Killed Erica
 32197 | Orc:3    | Received a gift from Trog
 32471 | Orc:3    | Noticed Josephine
 32488 | Orc:3    | Killed Josephine
 32522 | Orc:3    | Found Zeubareh's Armour Shoppe.
 32921 | Orc:3    | Found a roughly hewn altar of Beogh.
 33158 | Orc:4    | Entered Level 4 of the Orcish Mines
 33189 | Orc:4    | Received a gift from Trog
 33689 | Orc:4    | Received a gift from Trog
 33725 | Orc:4    | Reached skill level 15 in Armour
 33983 | Orc:4    | Found Granama's Distillery.
 33985 | Orc:4    | Found Usuosihi's Weapon Shoppe.
 33986 | Orc:4    | Found Samugg's Food Boutique.
 33986 | Orc:4    | Found Khazoem's Assorted Antiques.
 34039 | Orc:4    | Received a gift from Trog
 34139 | Orc:4    | Bought 2 potions of heal wounds for 78 gold pieces
 34139 | Orc:4    | Bought a potion of might for 32 gold pieces
 34139 | Orc:4    | Bought a potion of curing for 26 gold pieces
 34139 | Orc:4    | Bought 2 potions of curing for 52 gold pieces
 34139 | Orc:4    | Bought a potion of heal wounds for 39 gold pieces
 34143 | Orc:4    | Bought a scroll of identify for 58 gold pieces
 34143 | Orc:4    | Bought a potion of haste for 203 gold pieces
 34143 | Orc:4    | Bought a potion of curing for 58 gold pieces
 34143 | Orc:4    | Bought a scroll of teleportation for 87 gold pieces
 34262 | Elf:1    | Entered Level 1 of the Elven Halls
 34316 | Elf:1    | Found a shimmering altar of Xom.
 36223 | Elf:2    | Noticed Asterion
 36246 | Elf:2    | Killed Asterion
 36582 | Elf:2    | Received a gift from Trog
 36963 | Elf:2    | Reached XP level 17. HP: 113/113 MP: 26/26
 36972 | Elf:2    | Noticed a Shadow Fiend
 37127 | Elf:3    | Entered Level 3 of the Elven Halls
 37192 | Elf:3    | Reached skill level 16 in Armour
 37479 | Elf:3    | Received a gift from Trog
 37838 | Elf:3    | Noticed Nikola
 37846 | Elf:3    | Killed Nikola
 38022 | Elf:3    | Noticed a deep elf master archer
 38319 | Elf:3    | Noticed a deep elf master archer
 38411 | Elf:3    | Killed a deep elf master archer
 38419 | Elf:3    | Killed a deep elf master archer
 38515 | Elf:3    | Noticed a deep elf blademaster
 38525 | Elf:3    | Killed a deep elf blademaster
 38710 | Elf:3    | Noticed a deep elf blademaster
 38723 | Elf:3    | Killed a deep elf blademaster
 38723 | Elf:3    | Reached skill level 17 in Armour
 38727 | Elf:3    | Received a gift from Trog
 38875 | Elf:3    | Got a transparent robe
 38888 | Elf:3    | Identified the cursed -2 robe of Khoukhy {Dex+1 Int+3} (You took it off a deep elf conjurer on level 3 of the Elven Halls)
 38926 | Elf:3    | Got a faintly humming chain mail
 38942 | Elf:3    | Identified the +9 chain mail "Hoggul" {MR+} (You took it off a deep elf blademaster on level 3 of the Elven Halls)
 38984 | Elf:3    | Reached skill level 10 in Throwing
 38992 | Elf:3    | Received a gift from Trog
 40003 | Swamp:1  | Entered Level 1 of the Swamp
 40180 | Swamp:1  | Reached XP level 18. HP: 122/122 MP: 27/27
 40907 | Swamp:2  | Received a gift from Trog
 42005 | Swamp:3  | Noticed Protee's ghost (mighty DsWz)
 42034 | Swamp:3  | Killed Protee's ghost
 42127 | Swamp:3  | Received a gift from Trog
 43292 | Swamp:4  | Gained mutation: You are partially covered in large bone plates (AC +2, SH +2). [potion of beneficial mutation]
 43383 | Swamp:4  | Noticed Kirke
 43420 | Swamp:4  | Received a gift from Trog
 43437 | Swamp:4  | Killed Kirke
 43456 | Swamp:4  | Noticed Aizul
 43475 | Swamp:4  | Killed Aizul
 44167 | Swamp:5  | Entered Level 5 of the Swamp
 44238 | Swamp:5  | Noticed a tentacled monstrosity
 44467 | Swamp:5  | Killed a tentacled monstrosity
 44467 | Swamp:5  | Reached skill level 18 in Fighting
 44723 | Swamp:5  | Reached XP level 19. HP: 110/130 MP: 27/27
 44796 | Swamp:5  | Received a gift from Trog
 45034 | Swamp:5  | Got a decaying rune of Zot
 45196 | Swamp:5  | Found an ancient bone altar of Kikubaaqudgha.
 45642 | Swamp:5  | Got a transparent tin ring
 45644 | Swamp:5  | Identified the ring "Jecwigga" {+/*Tele Str-3 Curse} (You acquired it on level 5 of the Swamp)
 45820 | Swamp:5  | Got a dazzling cloak
 45821 | Swamp:5  | Identified the +2 cloak of Orthodoxy {Slay+4 Stlth+} (You found it on level 5 of the Swamp)
 46131 | Spider:1 | Entered Level 1 of the Spider Nest
 46347 | Spider:1 | Received a gift from Trog
 46443 | Spider:1 | Received a gift from Trog
 46594 | Spider:2 | Noticed Norris
 46614 | Spider:2 | Killed Norris
 46857 | Spider:2 | Got an ichor-stained leather armour
 46869 | Spider:2 | Identified the cursed +0 leather armour of Pathos {Slay+5} (You found it on level 2 of the Spider Nest)
 46904 | Spider:2 | Received a gift from Trog
 47028 | Spider:2 | Received a gift from Trog
 47056 | Spider:2 | Noticed Wiglaf
 47079 | Spider:2 | Killed Wiglaf
 47326 | Spider:2 | Received a gift from Trog
 47478 | Spider:3 | Reached skill level 15 in Staves
 47640 | Spider:3 | Noticed Arachne
 48153 | Spider:3 | Killed Arachne
 48705 | Spider:4 | Noticed Azrael
 48720 | Spider:3 | Received a gift from Trog
 48742 | Spider:4 | Killed Azrael
 49635 | Spider:4 | Got an ancient graven amulet
 49637 | Spider:4 | Identified the amulet of Nobility {+Rage Int+4} (You acquired it on level 4 of the Spider Nest)
 49656 | Spider:4 | Reached XP level 20. HP: 137/137 MP: 28/28
 49977 | Spider:5 | Entered Level 5 of the Spider Nest
 50002 | Spider:5 | Received a gift from Trog
 50091 | Spider:5 | Found a frozen archway.
 50202 | IceCv    | Entered an ice cave
 52305 | Spider:5 | Received a gift from Trog
 52455 | Spider:5 | Reached skill level 19 in Armour
 52626 | Spider:5 | Received a gift from Trog
 52781 | Spider:5 | Received a gift from Trog
 53259 | Spider:5 | Got a gossamer rune of Zot
 54127 | Vaults:1 | Entered Level 1 of the Vaults
 54203 | Vaults:1 | Received a gift from Trog
 54579 | Vaults:1 | Killed from afar by a deep elf sorcerer

Action                   |  1- 3 |  4- 6 |  7- 9 | 10-12 | 13-15 | 16-18 | 19-21 || total
-------------------------+-------+-------+-------+-------+-------+-------+-------++-------
Melee: Quarterstaff      |    95 |   245 |   515 |   758 |   806 |  1725 |  1646 ||  5790
       Lajatang          |       |       |       |       |   612 |       |       ||   612
Throw: Throwing net      |       |     2 |     1 |     2 |       |       |       ||     5
       Javelin           |       |       |       |       |     3 |     7 |     4 ||    14
Invok: Berserk           |       |       |     1 |     1 |       |     9 |     2 ||    13
       Burn Spellbooks   |       |       |     1 |       |     6 |     5 |     2 ||    14
       Trog's Hand       |       |       |     1 |    11 |    16 |    35 |    27 ||    90
       Brothers in Arms  |       |       |       |       |     1 |     2 |     3 ||     6
 Abil: Fly               |       |       |       |       |     1 |     2 |     1 ||     4
Evoke: Wand              |       |     2 |     1 |     6 |     2 |     3 |     5 ||    19
  Use: Scroll            |     5 |     7 |    10 |     8 |    16 |     8 |    12 ||    66
       Potion            |       |     5 |       |     2 |     5 |    10 |    10 ||    32
 Stab: Held in net/web   |       |       |     1 |       |       |       |       ||     1
       Distracted        |       |       |       |       |       |       |     2 ||     2
  Eat: Chunk             |     2 |    10 |    13 |    16 |     5 |     3 |       ||    49
       Fruit             |       |       |     3 |    11 |    25 |     7 |     4 ||    50
       Pizza             |       |       |     2 |     2 |     3 |     1 |     1 ||     9
       Royal jelly       |       |       |       |     1 |       |     2 |     8 ||    11
       Beef jerky        |       |       |       |       |     3 |     4 |       ||     7
       Bread ration      |       |       |       |       |       |     8 |     1 ||     9
       Meat ration       |       |       |       |       |       |     1 |     3 ||     4
